 Dungeon Crawl Stone Soup version 0.30.0-11-gf55b779eaf (webtiles) character file.

Game seed: 11804071860728112035

275 safid the Chiller (level 6, 0/47 HPs)
             Began as a Merfolk Ice Elementalist on May 16, 2023.
             Slain by Duvessa
             ... wielding a +0 short sword of speed
              (3 damage)
             ... on level 4 of the Dungeon.
             The game lasted 00:05:27 (3267 turns).

safid the Chiller (Merfolk Ice Elementalist)        Turns: 3267, Time: 00:05:27

Health: 0/47       AC:  9    Str: 11    XL:     6   Next: 25%
Magic:  4/11       EV: 12    Int: 17    God:
Gold:   204        SH:  0    Dex: 12    Spells: 5/12 levels left

rFire   . . .        r - +2 whip of Infection {venom, rN+ rCorr Str+3 Dex-2}
rCold   . . .        (no shield)
rNeg    + . .        a - +0 robe
rPois   .            (no helmet)
rElec   .            c - +0 cloak
rCorr   +            (no gloves)
SInv    .            (no boots)
Will    .....        (no amulet)
Stlth   +            (no ring)
HPRegen 0.27/turn    (no ring)
MPRegen 0.12/turn

%: no passive effects
@: lit by a corona, ice-armoured, freezing walls, glowing
A: (nimble swimmer 2), mertail
a: no special abilities


You were on level 4 of the Dungeon.
You visited 1 branch of the dungeon, and saw 5 of its levels.

You collected 204 gold pieces.

Inventory:

Hand Weapons
 r - the +2 whip of Infection (weapon) {venom, rN+ rCorr Str+3 Dex-2}
   (You found it on level 2 of the Dungeon)

   Str:       It affects your strength (+3).
   Dex:       It affects your dexterity (-2).
   rN:        It protects you from negative energy.
   rCorr:     It protects you from acid and corrosion.
Armour
 a - a +0 robe (worn)
 c - a +0 cloak (worn)
Wands
 v - a wand of roots (9)
Scrolls
 e - a scroll of noise {unknown}
 h - 6 scrolls of identify {unknown}
 k - a scroll of fog {unknown}
 l - 2 scrolls of vulnerability {unknown}
 m - 3 scrolls of blinking {unknown}
 o - 2 scrolls of immolation {unknown}
 p - 2 scrolls of fear {unknown}
Potions
 b - a potion of magic
 d - 2 potions of heal wounds {unknown}
 f - a potion of invisibility {unknown}
 g - a potion of flight {unknown}
 i - 3 potions of attraction {unknown}
 j - 2 potions of brilliance {unknown}
 n - a potion of curing
 q - a potion of lignification {unknown}
 s - 2 potions of berserk rage {unknown}
 t - a potion of mutation {unknown}
 u - a potion of haste {unknown}


   Skills:
 + Level 3.6 Fighting
 - Level 2.6 Dodging
 - Level 2.1 Stealth
 + Level 3.6 Spellcasting
 + Level 5.8 Ice Magic


You had 5 spell levels left.
You knew the following spells:

 Your Spells              Type           Power      Damage    Failure   Level
a - Freeze                Ice            92%        1d9       1%          1
b - Frozen Ramparts       Ice            46%        1d7       4%          3
c - Ozocubu's Armour      Ice            23%        N/A       4%          3

Your spell library contained the following spells:

 Spells                   Type           Power      Damage    Failure   Level
 Summon Ice Beast         Ice/Summ       13%        N/A       43%         4


Dungeon Overview and Level Annotations

Branches:
Dungeon (5/15)
 Temple: D:4-7

Altars:
Wu Jian

Shops:
D:2 (

Annotations:
D:4 Dowan, Duvessa


Innate Abilities, Weirdness & Mutations

((You are very nimble when in or above water. (Stealth+, EV+, Speed+++)))
Your lower body shifts to a powerful aquatic tail in water.


Message History

* * * LOW HITPOINT WARNING * * *
The wall freezes Duvessa.
Duvessa hits you with a +0 short sword of speed.
* * * LOW HITPOINT WARNING * * *
The wall freezes Dowan.
Dowan closely misses you.
You barely miss Duvessa.
Duvessa is moderately wounded.
The wall freezes Duvessa.
Duvessa closely misses you.
The wall freezes Duvessa.
Duvessa barely misses you.
The wall freezes Dowan.
Dowan gestures wildly while chanting.
Dowan blinks!
The wall freezes Duvessa but does no damage.
Duvessa barely misses you.
You hit Duvessa but do no damage.
Duvessa looks as sick as possible!
Duvessa is heavily wounded.
The wall freezes Duvessa.
Duvessa closely misses you.
The wall freezes Duvessa.
Duvessa says, "When magic and the sword combine, nothing stands against them."
Duvessa hits you with a +0 short sword of speed.
* * * LOW HITPOINT WARNING * * *
Dowan casts a spell at you.
You are outlined in light.
Unknown command.
It was a potion of curing.
You feel better.
The wall freezes Duvessa but does no damage.
Duvessa hits you with a +0 short sword of speed.
* * * LOW HITPOINT WARNING * * *
The wall freezes Duvessa.
Duvessa hits you but does no damage.
Dowan casts a spell.
Dowan blinks!
The wall freezes Duvessa.
Duvessa hits you with a +0 short sword of speed.
* * * LOW HITPOINT WARNING * * *
You completely miss Duvessa.
Duvessa is severely wounded.
The wall freezes Duvessa.
Duvessa hits you but does no damage.
Dowan points at you and mumbles some strange words.
The puff of flame hits you.
* * * LOW HITPOINT WARNING * * *
The wall freezes Duvessa but does no damage.
Duvessa hits you with a +0 short sword of speed.
You die...

#........# .
..K.......#
.....
.#..........
....
..####...##..
#... .. #....
.## ... ..
..####..##...
...........
#.e......e
#?@#
........#
.........
.......###
....### ....
... ..


You could see Duvessa (fast, extremely poisoned) and Dowan.

Vanquished Creatures
  Edmund (D:4)
  An iguana (D:4)
  Ijyb (D:3)
  3 adders
  A gnoll (D:1)
  2 worms
  3 dart slugs
  An orc (D:4)
  2 bats
  7 endoplasms
  3 giant cockroaches
  5 goblins
  8 hobgoblins
  7 jackals
  6 kobolds
  A quokka (D:1)
  3 ball pythons
  3 frilled lizards
  2 rats (D:1)
60 creatures vanquished.

Notes
Turn   | Place    | Note
-------+----------+-------------------------------------------
     0 | D:1      | safid the Merfolk Ice Elementalist began the quest for the
                  | Orb.
     0 | D:1      | Reached XP level 1. HP: 13/13 MP: 3/3
   185 | D:1      | Reached XP level 2. HP: 20/20 MP: 5/5
   317 | D:1      | Reached skill level 1 in Fighting
   575 | D:1      | Found a faded altar of an unknown god.
   635 | D:1      | Reached XP level 3. HP: 26/26 MP: 3/6
   816 | D:1      | Learned a level 3 spell: Frozen Ramparts
   820 | D:1      | Learned a level 3 spell: Ozocubu's Armour
  1416 | D:2      | Found Taexo's Antique Weapon Emporium.
  1428 | D:2      | Reached XP level 4. HP: 27/33 MP: 2/8
  1509 | D:2      | Reached skill level 5 in Ice Magic
  1724 | D:2      | Identified the +2 whip of Infection {venom, rN+ rCorr Str+3
                  | Dex-2}
  2169 | D:3      | Found an ornate altar of the Wu Jian Council.
  2782 | D:3      | Noticed Ijyb
  2792 | D:3      | Killed Ijyb
  2793 | D:3      | Reached XP level 5. HP: 18/40 MP: 2/9
  2991 | D:4      | Noticed Edmund
  3011 | D:4      | Killed Edmund
  3012 | D:4      | Reached XP level 6. HP: 12/47 MP: 2/11
  3194 | D:4      | Noticed Duvessa
  3195 | D:4      | You fall into a shaft and drop 1 floor!
  3195 | D:5      | Entered Level 5 of the Dungeon
  3254 | D:4      | Noticed Dowan
  3267 | D:4      | Slain by Duvessa

Illustrated notes

Levels and vault maps discovered:
D:1:      dpeg_arrival_more_subterranean_lakeside_camping, layout_loops_ring,
          chequers_ecumenical_altar_simple, serial_bayou_pond_e,
          minmay_close_crescents
D:2:      layout_loops_ring, serial_shops, nicolae_shop_behind_doors
D:3:      layout_basic, amcnicky_altar_gilded, uniq_ijyb
D:4:      layout_rooms, beargit_hepliaklqana_dungeon_heroes,
          chequers_serial_rivers_large_a, uniq_duvessa, uniq_sigmund,
          uniq_edmund, uniq_grinder
D:5:      layout_layer_cave, kennysheep_mini, minmay_temple_entry_nine_rooms

Skill      XL: |  1  2  3  4  5 |
---------------+----------------+-----
Fighting       | 1 2 3 |  3.6
Ice Magic      | 5 |  5.8
Spellcasting   | 3 |  3.6
Dodging        | |  2.6
Stealth        | |  2.1

Action                     |  1- 3 |  4- 6 || total
---------------------------+-------+-------++-------
  Melee: Club              |     4 |       ||     4
         Unarmed           |     4 |       ||     4
         Punch             |     2 |     1 ||     3
         Short sword       |    37 |     8 ||    45
         Whip              |       |    65 ||    65
   Cast: Freeze            |    45 |     6 ||    51
         Frozen Ramparts   |     1 |     6 ||     7
         Ozocubu's Armour  |       |     4 ||     4
    Use: Potion            |       |     1 ||     1
   Stab: Sleeping          |     2 |     1 ||     3
 Armour: Robe              |    16 |    18 ||    34
  Dodge: Dodged            |    40 |    49 ||    89
